 Dungeon Crawl Stone Soup version 0.21-a0-283-g622b906 (webtiles) character file.

7829 animalnitrate the Grappler (level 11, -10/111 HPs)
             Began as a Troll Monk on Sept 24, 2017.
             Was a High Priest of Okawaru.
             Mangled by a slime creature (14 damage)
             ... on level 9 of the Dungeon.
             The game lasted 00:16:20 (8816 turns).

animalnitrate the Grappler (Troll Monk)             Turns: 8816, Time: 00:16:21

Health: -10/111    AC:  6    Str: 29    XL:     11   Next: 1%
Magic:  12/14      EV: 13    Int:  6    God:    Okawaru [*****.]
Gold:   541        SH:  0    Dex: 12    Spells: 10/10 levels left

rFire    . . .     SeeInvis .     - Unarmed
rCold    . . .     Gourm    +   (no shield)
rNeg     . . .     Faith    .   a - +0 robe
rPois    +         Spirit   .   (helmet restricted)
rElec    .         Reflect  .   n - +0 cloak {rPois}
rCorr    .         Harm     .   (gloves unavailable)
MR       +....                  (boots unavailable)
Stlth    +++.......             (no amulet)
HPRegen  0.68/turn              k - ring of protection from magic
MPRegen  0.14/turn              (no ring)

@: mighty, heroism
A: unfitting armour, claws 3, fast metabolism 3, gourmand, regeneration 1,
shaggy fur 1, tough skin 2
a: Heroism, Finesse, Renounce Religion


You were on level 9 of the Dungeon.
You worshipped Okawaru.
Okawaru was extremely pleased with you.
You were very full.

You visited 1 branch of the dungeon, and saw 9 of its levels.

You collected 541 gold pieces.

Inventory:

Missiles
 c - 328 stones (quivered)
 g - 4 throwing nets
 I - 4 large rocks
Armour
 a - a +0 robe (worn)
 n - a +0 cloak of poison resistance (worn)
Jewellery
 k - a ring of protection from magic (left claw)
 s - an uncursed ring of resist corrosion
 D - an uncursed amulet of the gourmand {unknown}
Wands
 i - a wand of flame (13/48)
 o - a wand of lightning (11/15)
 w - a wand of random effects (26/48)
 C - a wand of acid (7/15)
 E - a wand of iceblast (9/15)
 J - a wand of confusion (10/48)
Scrolls
 d - 7 scrolls of teleportation
 m - 8 scrolls of remove curse
 q - 3 scrolls of immolation {unknown}
 r - 3 scrolls of magic mapping
 y - 2 scrolls of blinking {unknown}
 F - a scroll of silence {unknown}
 G - a scroll of amnesia {unknown}
 K - a scroll of random uselessness {unknown}
Potions
 e - a potion of might
 h - 3 potions of curing
 j - 5 potions of lignification
 p - a potion of resistance
 t - a potion of agility
 u - a potion of flight
 v - a potion of magic
 x - 2 potions of heal wounds {unknown}
 z - a potion of brilliance {unknown}
 A - a potion of ambrosia
Books
 B - a book of Misfortune

   Spells                             Type                      Level
   a - Confusing Touch                Hexes                        1
   b - Confuse                        Hexes                        3
   c - Gell's Gravitas                Translocation                3
   d - Petrify                        Transmutation/Earth          4
   e - Metabolic Englaciation         Hexes/Ice                    5
   f - Yara's Violent Unravelling     Hexes/Transmutation          5
Comestibles
 b - 10 bread rations
 f - 9 meat rations
 l - 5 royal jellies


   Skills:
 + Level 8.0(13.0) Fighting
 - Level 2.4(7.4) Dodging
 - Level 1.0(6.0) Stealth
 * Level 13.0(18.0) Unarmed Combat
 - Level 5.4 Invocations


You had 10 spell levels left.
You didn't know any spells.

Dungeon Overview and Level Annotations

Branches:
Dungeon (9/15)             Temple (0/1) D:4            Lair (0/6) D:8
    Orc: D:9-12

Altars:
Ashenzari
Gozag
Nemelex Xobeh
Okawaru
Qazlal
Ru
Sif Muna
Trog
Uskayaw
Vehumet
Yredelemnul
Zin
The Shining One
Jiyva

Annotations:
D:6 2 transporters
D:9 1 transporter


Innate Abilities, Weirdness & Mutations

You are too large for most types of armour.
You have claws for hands.
Your metabolism is lightning-fast.
You like to eat raw meat.
Your natural rate of healing is unusually fast.
You are covered in fur. (AC +1)
You have very tough skin. (AC +2)


Message History

The large slime creature hits you!!
* * * LOW HITPOINT WARNING * * *
The slime creature closely misses you.
Unknown command.
Unknown command.
Okay, then.
Unknown command.
Okay, then.
Unknown command.
You feel better. The slime creature hits you!
* * * LOW HITPOINT WARNING * * *
The large slime creature closely misses you.
The slime creature closely misses you.
You mangle the slime creature!!
You kill the slime creature!
Okawaru is honoured by your kill.
Your base Unarmed Combat skill increases to level 13!
You have reached level 11!
The slime creature hits you!
You die...

#.#.#### #......
...####.#.# #.....#
......)...# #.....#
..####.### ## #.....# #
#.# [### ## #.#####
#.#..####.# .#.#..# #.#
..........# ......© ##.#
#...>###..####.|$).####..#
### #.5###@J}_)..###©.#
##.####J($$.####.## ###
....... ### .#.#..# .###
## ##


You could see a large slime creature, a slime creature and a shadow imp.

Vanquished Creatures
  A two-headed ogre (D:9)
  The ghost of Rhok the Spear-Bearer, a novice HuFi of Gozag (D:8)
  The ghost of allday the Skirmisher, an amateur DsFi (D:4)
  A troll (D:8)
  2 slime creatures (D:9)
  A wraith (D:7)
  Eustachio (D:6)
  A hungry ghost (D:9)
  A water moccasin (D:7)
  Duvessa (D:4)
  2 orc warriors
  2 sky beasts
  2 ice beasts
  5 ogres
  4 wolves (D:8)
  3 centaurs
  Blork the orc (D:6)
  7 bullfrogs
  Dowan (D:4)
  3 scorpions
  12 wights
  6 killer bees (D:8)
  2 howler monkeys (D:8)
  2 electric eels (D:8)
  4 crimson imps
  A centaur zombie (D:5)
  A jelly (D:8)
  7 hounds
  9 orc wizards
  6 gnoll shamans
  5 orc priests
  Crazy Yiuf (D:2)
  3 bullfrog skeletons
  2 centaur skeletons
  2 iguanas (D:9)
  Jessica (D:2)
  Ijyb (D:3)
  6 worker ants
  Natasha (D:2)
  A hound zombie (D:8)
  32 gnolls
  2 gnoll zombies (D:5)
  A howler monkey skeleton (D:4)
  12 adders
  An orc zombie (D:5)
  A shadow imp (D:5)
  An ooze (D:7)
  2 adder skeletons
  An adder zombie (D:5)
  3 worms
  A dart slug (D:2)
  5 leopard geckos
  38 orcs
  3 ball pythons
  4 bats
  8 giant cockroaches
  9 hobgoblins
  21 jackals
  A quokka (D:6)
  2 frilled lizards
  7 goblins
  7 kobolds
  2 leopard gecko skeletons
  A leopard gecko zombie (D:6)
  2 quokka skeletons
  9 rats
290 creatures vanquished.

Vanquished Creatures (others)
  A phantom (D:4)
  An orc priest (D:4)
  An orc wizard (D:4)
  3 orcs (D:4)
  3 jackals (D:4)
9 creatures vanquished.

Grand Total: 299 creatures vanquished

Notes
Turn   | Place    | Note
-------+----------+-------------------------------------------
     0 | D:1      | animalnitrate the Troll Monk began the quest for the Orb.
     0 | D:1      | Reached XP level 1. HP: 22/22 MP: 0/0
   285 | D:1      | Reached XP level 2. HP: 29/29 MP: 1/1
  1087 | D:1      | Reached skill level 4 in Unarmed Combat
  1363 | D:2      | Noticed Jessica
  1367 | D:2      | Killed Jessica
  1367 | D:2      | Reached XP level 3. HP: 36/36 MP: 2/2
  1400 | D:2      | Found a bloodstained altar of Trog.
  1518 | D:2      | Reached XP level 4. HP: 44/44 MP: 3/3
  1555 | D:2      | Found an iron altar of Okawaru.
  1619 | D:2      | Became a worshipper of Warmaster Okawaru
  1619 | D:2      | Reached * piety under Okawaru
  1619 | D:2      | Reached ** piety under Okawaru
  1790 | D:2      | Found a runed door.
  1794 | D:2      | Noticed Crazy Yiuf
  1797 | D:2      | Killed Crazy Yiuf
  1797 | D:2      | Reached skill level 5 in Unarmed Combat
  1986 | D:2      | Reached XP level 5. HP: 53/53 MP: 4/4
  2082 | D:2      | Reached skill level 1 in Invocations
  2365 | D:2      | Noticed Natasha
  2376 | D:2      | Killed Natasha
  2687 | D:3      | Noticed Ijyb
  2698 | D:3      | Killed Ijyb
  2730 | D:3      | Reached XP level 6. HP: 48/61 MP: 6/6
  3256 | D:4      | Noticed allday's ghost (amateur DsFi)
  3265 | D:4      | Killed allday's ghost
  3265 | D:4      | Reached skill level 6 in Unarmed Combat
  3265 | D:4      | Reached XP level 7. HP: 62/68 MP: 4/8
  3427 | D:4      | Noticed Dowan
  3429 | D:4      | Noticed Duvessa
  3441 | D:4      | Killed Duvessa
  3450 | D:4      | Killed Dowan
  3450 | D:4      | Reached *** piety under Okawaru
  3544 | D:4      | Found a runed door.
  3544 | D:4      | Noticed a human
  3548 | D:4      | Found a basalt altar of Yredelemnul.
  3679 | D:4      | Reached skill level 7 in Unarmed Combat
  3820 | D:3      | Reached XP level 8. HP: 71/79 MP: 9/9
  4031 | D:4      | Reached skill level 8 in Unarmed Combat
  4279 | D:4      | Found a staircase to the Ecumenical Temple.
  4593 | D:5      | Entered Level 5 of the Dungeon
  4679 | D:5      | Found a transporter.
  4714 | D:5      | Reached skill level 5 in Fighting
  4837 | D:5      | Found a sparkling altar of Nemelex Xobeh.
  5101 | D:5      | Reached skill level 9 in Unarmed Combat
  5102 | D:5      | Found a transporter.
  5536 | D:6      | Found a transporter.
  5551 | D:6      | Noticed a kobold demonologist
  5559 | D:6      | Found a transporter.
  5572 | D:6      | Reached XP level 9. HP: 80/88 MP: 11/11
  5585 | D:6      | Noticed a kobold demonologist
  5587 | D:6      | Reached skill level 5 in Invocations
  5626 | D:6      | Reached **** piety under Okawaru
  5657 | D:6      | Found a stormy altar of Qazlal.
  5675 | D:6      | Noticed Eustachio
  5706 | D:6      | Killed Eustachio
  6074 | D:6      | Found a deep blue altar of Sif Muna.
  6079 | D:6      | Reached skill level 10 in Unarmed Combat
  6108 | D:6      | Noticed Blork the orc
  6116 | D:6      | Killed Blork the orc
  6337 | D:6      | Found a glowing golden altar of the Shining One.
  6392 | D:7      | Found a hide-covered altar of Uskayaw.
  6898 | D:7      | Found an opulent altar of Gozag.
  7311 | D:7      | Found a shattered altar of Ashenzari.
  7390 | D:8      | Reached skill level 11 in Unarmed Combat
  7424 | D:8      | Noticed a troll
  7432 | D:8      | Killed a troll
  7432 | D:8      | Reached XP level 10. HP: 100/100 MP: 10/13
  7534 | D:8      | Found a sacrificial altar of Ru.
  7634 | D:8      | Reached ***** piety under Okawaru
  7763 | D:8      | Found a staircase to the Lair.
  7927 | D:8      | Found a basalt altar of Yredelemnul.
  7931 | D:8      | Noticed Rhok's ghost (novice HuFi)
  7943 | D:8      | Killed Rhok's ghost
  7943 | D:8      | Reached skill level 12 in Unarmed Combat
  8315 | D:8      | Found a glowing silver altar of Zin.
  8456 | D:9      | Found a radiant altar of Vehumet.
  8457 | D:9      | Noticed a two-headed ogre
  8463 | D:9      | Killed a two-headed ogre
  8463 | D:9      | Received a gift from Okawaru
  8657 | D:9      | Found a shattered altar of Ashenzari.
  8752 | D:9      | Found a viscous altar of Jiyva.
  8798 | D:9      | Found a transporter.
  8807 | D:9      | Found a transporter.
  8814 | D:9      | HP: 2/104 [large slime creature (25)]
  8816 | D:9      | Reached skill level 13 in Unarmed Combat
  8816 | D:9      | Reached XP level 11. HP: 4/111 MP: 12/14
  8816 | D:9      | Mangled by a slime creature

Vault maps used:
D:1:      dpeg_arrival_pits
D:2:      lemuel_doored_altar, okawaru_altar_gauntlet_db,
          uniq_crazy_yiuf_cottage, uniq_natasha, uniq_jessica
D:3:      first_bread, hex_medium, minmay_cut_off, uniq_ijyb
D:4:      lemuel_castle_with_subvaults, temple_statues, dk_yredelemnul_ordeal,
          uniq_duvessa
D:5:      gammafunk_cloud_chamber, overflow_temple_1_default
D:6:      gammafunk_wand_slinger, nicolae_overflow_crystal_walls,
          lemuel_coloured_pillars_altar, grunt_qazlal_clouds,
          uniq_blork_the_orc, uniq_eustachio
D:7:      lemuel_round_altar, lemuel_round_altar, lemuel_crystal_altar
D:8:      zin_statuary, kennysheep_mini, erik_lair_island, grunt_ogre_cave,
          nicolae_ru_the_path_less_chosen
D:9:      gammafunk_jiyva_shrine, fiery_altar_vehumet,
          nicolae_overflow_hidden_temple, ashenzari_altar_1

Skill      XL: |  1  2  3  4  5  6  7  8  9 10 |
---------------+-------------------------------+-----
Unarmed Combat | 4 5 6 7 9 11 13 | 13.0
Fighting       | 3 4 5 6 8 |  8.0
Invocations    | 2 3 4 5 |  5.4
Dodging        | |  2.4
Stealth        | |  1.0

Action                   |  1- 3 |  4- 6 |  7- 9 | 10-12 || total
-------------------------+-------+-------+-------+-------++-------
Melee: Unarmed           |    68 |   148 |   372 |   164 ||   752
       Punch             |       |     3 |    13 |    10 ||    26
Invok: Heroism           |       |     2 |    19 |     7 ||    28
  Use: Scroll            |       |     6 |     4 |     2 ||    12
       Potion            |       |       |     1 |     2 ||     3
 Stab: Sleeping          |     2 |     5 |     2 |       ||     9
  Eat: Chunk             |    19 |    16 |    37 |    13 ||    85
Armor: Robe              |    22 |    45 |    95 |    45 ||   207
Dodge: Dodged            |    27 |    76 |   190 |    86 ||   379

Table legend:
 A = Spawn XP
 B = Non-spawn XP
 C = Spawn XP percentage of total XP
 D = Spawn monster count
 E = Non-spawn monster count
 F = Spawn count percentage of total count
 G = Total turns spent on level
                    A         B        C        D         E        F      G
               +---------+---------+-------+---------+---------+-------+---------
         Total |       0 |   11185 |   0.0 |       0 |     290 |   0.0 |  8816
               +---------+---------+-------+---------+---------+-------+---------
           D:1 |       0 |      39 |   0.0 |       0 |      24 |   0.0 |  1363
           D:2 |       0 |     234 |   0.0 |       0 |      31 |   0.0 |  1216
           D:3 |       0 |     255 |   0.0 |       0 |      24 |   0.0 |   655
           D:4 |       0 |    1427 |   0.0 |       0 |      68 |   0.0 |  1359
           D:5 |       0 |     683 |   0.0 |       0 |      17 |   0.0 |   932
           D:6 |       0 |    1455 |   0.0 |       0 |      35 |   0.0 |   842
           D:7 |       0 |     993 |   0.0 |       0 |      26 |   0.0 |   982
           D:8 |       0 |    3363 |   0.0 |       0 |      39 |   0.0 |  1103
           D:9 |       0 |    2736 |   0.0 |       0 |      26 |   0.0 |   364
               +---------+---------+-------+---------+---------+-------+---------
